 Dungeon Crawl Stone Soup version 0.29.0 (webtiles) character file.

Game seed: 6219664339703114289

53 GigaChad the Shield-Bearer (level 3, -7/33 HPs)
             Began as a Minotaur Fighter on Aug 24, 2022.
             Was a Follower of Elyvilon.
             Killed by nerve-wracking pain
             ... invoked by Grinder
              (13 damage)
             ... while paralysed by Grinder
             ... on level 3 of the Dungeon.
             The game lasted 00:03:15 (1430 turns).

GigaChad the Shield-Bearer (Minotaur Fighter)       Turns: 1430, Time: 00:03:16

Health: -7/33      AC:  7    Str: 22    XL:     3   Next: 62%
Magic:  2/2        EV:  2    Int:  5    God:    Elyvilon [*.....]
Gold:   91         SH:  0    Dex:  9    Spells: 2/2 levels left

rFire   . . .      SeeInvis .   a - +0 long sword
rCold   . . .      Faith    .   c - +0 buckler
rNeg    . . .      Spirit   .   b - +0 scale mail
rPois   .          Reflect  .   (helmet restricted)
rElec   .          Harm     .   (no cloak)
rCorr   .          Rampage  .   (no gloves)
Will    .....                   (no boots)
Stlth   ..........              (no amulet)
HPRegen 0.11/turn               (no ring)
MPRegen 0.08/turn               (no ring)

@: paralysed
A: horns 2, retaliatory headbutt
a: Renounce Religion, Purification


You were on level 3 of the Dungeon.
You worshipped Elyvilon.
Elyvilon was aware of your devotion.
You visited 1 branch of the dungeon, and saw 3 of its levels.

You collected 91 gold pieces.

Inventory:

Hand Weapons
 a - a +0 long sword (weapon)
 k - the +9 sling of the Impish God {freeze, rF- rC+ MP+9 Str+2}
   (You found it on level 2 of the Dungeon)

   Any ammunition fired from it freezes those it strikes, dealing additional
   cold damage.
   It can also slow down cold-blooded creatures.
   Str:       It affects your strength (+2).
   rF:        It makes you vulnerable to fire.
   rC:        It protects you from cold.
   MP:        It affects your magic capacity (+9).
Missiles
 j - 2 poisoned darts (quivered)
Armour
 b - a +0 scale mail (worn)
 c - a +0 buckler (worn)
Scrolls
 f - 3 scrolls of identify
 i - 3 scrolls of teleportation {unknown}
Potions
 d - a potion of might
 e - 4 potions of attraction
 g - a potion of curing {unknown}
 h - a potion of mutation {unknown}
 l - a potion of lignification {unknown}


   Skills:
 + Level 4.1 Fighting
 + Level 3.3 Long Blades
 + Level 4.1 Armour
 + Level 0.1 Dodging
 + Level 4.2 Shields


You had 2 spell levels left.
You didn't know any spells.
Your spell library contained the following spells:

 Spells                   Type           Power      Damage    Failure   Level
 Dazzling Flash           Conj/Hex       0%         N/A       99%         3
 Inner Flame              Hex/Fire       0%         N/A       99%         3
 Portal Projectile        Hex/Tloc       0%         N/A       99%         3
 Tukima's Dance           Hex            0%         N/A       99%         3
 Cause Fear               Hex            0%         N/A       100%        4
 Iskenderun's Mystic Bla  Conj/Tloc      0%         2d3       100%        4
 Blade Hands              Tmut           0%         N/A       100%        5
 Starburst                Conj/Fire      0%         6d3       100%        6
 Discord                  Hex            0%         N/A       100%        8


Dungeon Overview and Level Annotations

Branches:
Dungeon (3/15)

Altars:
Elyvilon

Annotations:
D:3 Grinder


Innate Abilities, Weirdness & Mutations

You have a pair of horns on your head.
You reflexively headbutt those who attack you in melee.


Message History

You hit Grinder.
Grinder is severely wounded.
Grinder gestures at you.
You barely resist. You completely miss Grinder.
Grinder is severely wounded.
Grinder closely misses you. You furiously retaliate!
You headbutt Grinder.
Grinder blinks!
Grinder gestures at you.
You suddenly lose the ability to move!
You can move again.
Found a pair of gloves.
Grinder gestures at you. Pain shoots through your body!
You barely miss Grinder.
Grinder is severely wounded.
Grinder hits you but does no damage.
You barely miss Grinder. Your headbutt misses Grinder.
Grinder is severely wounded.
Grinder hits you but does no damage.
You hit Grinder. You headbutt Grinder, but do no damage.
Grinder is severely wounded.
Grinder blinks!
There is a stone staircase leading up here.
You hit Grinder. Your headbutt misses Grinder.
Grinder is almost dead.
Grinder hits you.
You writhe in agony.
Grinder gestures at you. Pain shoots through your body!
You hit Grinder but do no damage.
Grinder is almost dead.
Grinder blinks!
Grinder gestures at you.
You suddenly lose the ability to move!
Grinder gestures at you. Pain shoots through your body!
* * * LOW HITPOINT WARNING * * *
Grinder gestures at you. Pain shoots through your body!
You die...

# #.##########.#####
#####.......@.<.......
.....####....###......
#.......5.## ..[..
#......>..# ....
#...#<##...... ...
..... #.###.###.. ..
#### #.# #.# . #.# #.#
#.# #.#


You could see Grinder.

Vanquished Creatures
  A worm (D:2)
  6 ball pythons
  3 endoplasms
  A giant cockroach (D:1)
  7 goblins
  6 hobgoblins
  3 quokkas
  2 bats (D:2)
  2 frilled lizards
  6 kobolds
  7 rats (D:1)
44 creatures vanquished.

Notes
Turn   | Place    | Note
-------+----------+-------------------------------------------
     0 | D:1      | GigaChad the Minotaur Fighter began the quest for the Orb.
     0 | D:1      | Reached XP level 1. HP: 19/19 MP: 0/0
   101 | D:1      | Reached XP level 2. HP: 24/27 MP: 1/1
   486 | D:1      | Reached XP level 3. HP: 33/33 MP: 2/2
   773 | D:2      | Found a faded altar of an unknown god.
   806 | D:2      | Prayed at the altar of an unknown god.
   806 | D:2      | Became a worshipper of Elyvilon the Healer
   806 | D:2      | Reached * piety under Elyvilon
   919 | D:2      | Identified the +9 sling of the Impish God {freeze, rF- rC+
                  | MP+9 Str+2}
  1398 | D:3      | Noticed Grinder
  1402 | D:3      | Paralysed by Grinder for 2 turns
  1415 | D:3      | Paralysed by Grinder for 2 turns
  1428 | D:3      | Paralysed by Grinder for 5 turns
  1430 | D:3      | Killed from afar by Grinder

Illustrated notes

Levels and vault maps discovered:
D:1:      dpeg_arrival_ratfight, layout_basic, corexii_leaking_fountain
D:2:      layout_loops_ring, hellmonk_ecumenical_altar_leap_of_faith
D:3:      layout_basic, nicolae_overflow_quartered_altars,
          kennysheep_orc_sif_temple, minmay_randomly_rotated_circles,
          uniq_robin, uniq_grinder, uniq_ijyb

Skill      XL: |  1  2  3 |
---------------+----------+-----
Armour         | 4 |  4.1
Shields        | 4 |  4.2
Fighting       | 4 |  4.1
Long Blades    | 3 |  3.3
Dodging        | |  0.1

Action                   || total
-------------------------++-------
Melee: Long sword        ||   102
       Headbutt          ||    12
  Use: Scroll            ||     2
Armor: Scale mail        ||    56
Dodge: Dodged            ||    50
Block: Buckler           ||    28
